 Dungeon Crawl Stone Soup version 0.30-a0-1112-gfb780f5df6 (webtiles) character file.

Game seed: 14037375213985983867

753 demibob the Stinger (level 7, 0/41 HPs)
             Began as a Demonspawn Venom Mage on Apr 20, 2023.
             Was a Follower of Hepliaklqana.
             Slain by an ice beast (11 damage)
             ... on level 6 of the Dungeon.
             The game lasted 00:11:58 (5109 turns).

demibob the Stinger (Demonspawn Venom Mage)         Turns: 5109, Time: 00:11:58

Health: 0/41       AC:  8    Str:  8    XL:     7   Next: 49%
Magic:  1/10       EV: 12    Int: 24    God:    Hepliaklqana [*.....]
Gold:   311        SH:  0    Dex: 14    Spells: 2/10 levels left

rFire   . . .      SeeInvis .    b - staff of poison {!a}
rCold   . . .      Faith    .    (no shield)
rNeg    . . .      Spirit   .    g - +0 robe
rPois   +          Reflect  .    h - +0 helmet
rElec   .          Rampage  .    (no cloak)
rCorr   .                        e - +1 pair of gloves
Will    .....                    (no boots)
Stlth   ++                       (no amulet)
HPRegen 0.26/turn                I - +6 ring of intelligence
MPRegen 0.12/turn                (no ring)

@: brilliant, very slightly contaminated
A: reduced essence, thin metallic scales 2, powered by death 1
a: Renounce Religion, Recall Ancestor, Ancestor Identity


You were on level 6 of the Dungeon.
You worshipped Hepliaklqana.
Hepliaklqana was aware of your devotion.
You visited 1 branch of the dungeon, and saw 6 of its levels.

You collected 311 gold pieces.


Innate Abilities, Weirdness & Mutations

Your life essence is reduced to manifest your ancestor. (-10% HP)
You are mostly covered in thin metallic scales. (AC +3)
You regenerate a little health from kills.


   Skills:
 - Level 2.7 Short Blades
 + Level 2.4 Staves
 - Level 1.7 Dodging
 - Level 1.7 Stealth
 - Level 2.0 Spellcasting
 - Level 2.5 Conjurations
 - Level 0.8 Transmutations
 - Level 3.0 Air Magic
 + Level 6.0 Poison Magic


You had 2 spell levels left.
You knew the following spells:

 Your Spells              Type           Power      Damage    Failure   Level
m - Mephitic Cloud        Conj/Pois/Air  47%        N/A       8%          3
o - Olgreb's Toxic Radia  Pois           63%        N/A       10%         4
z - Sting                 Tmut/Pois      100%       1d8       3%          1

Your spell library contained the following spells:

 Spells                   Type           Power      Damage    Failure   Level
 Poisonous Vapours        Pois/Air       100%       N/A       2%          2
 Cigotuvi's Dreadful Rot  Necr/Pois/Air  76%        N/A       5%          2
 Dispel Undead            Necr           3%         3d7       75%         4
 Death Channel            Necr           1%         N/A       100%        6

Inventory:

Hand Weapons
 a - a +4 short sword
 i - a +0 short sword
Missiles
 f - a throwing net {=f}
Armour
 e - a +1 pair of gloves (worn)
 g - a +0 robe (worn)
 h - a +0 helmet (worn)
Magical Staves
 b - a staff of poison (weapon) {!a}
Jewellery
 p - an amulet of regeneration
 I - a +6 ring of intelligence (left hand)
Scrolls
 c - 2 scrolls of identify {@r1}

Dungeon Overview and Level Annotations

Branches:
Dungeon (6/15)
 Temple: D:4-7

Altars:
Hepliaklqana
Trog

Shops:
D:2 (= D:3

[ #.......)....... ##?#
##......)....... #..#
###### ##..WO......... #..
#..... ##..Y../...... ##.#
#..... #.........W.# #..#
#.....
##.........####..###
##....
##....!...R##.....####
#.[..
##.....#..Y.#.......##
##...
#........#@.........##
#...
#......#............####..
##....#...................
#...#................##..
##.##.............<..####
#. #..."............# .
##...............#
#...............#
.............#


You could see the friendly Thulani the ancestor, an ice beast (ally target) and
a phantom.


Message History

The ice beast misses you.
You closely miss the ice beast.
The ice beast is moderately wounded.
The ice beast hits you.
* * * LOW HITPOINT WARNING * * *
The ice beast freezes you!
* * * LOW HITPOINT WARNING * * *
Unknown command.
Okay, then.
You feel better.
Your toxic aura wanes.
The ice beast closely misses you.
Casting: Olgreb's Toxic Radiance (quite dangerous; 10% risk of failure)
Confirm with . or Enter, or press ? or * to list all spells.
You can't see any susceptible monsters within range! (Use Z to cast anyway.)
You aren't carrying any items that you can evoke.
Unknown command.
Okay, then.
Okay, then.
You feel clever all of a sudden.
The ice beast hits you but does no damage.
Casting: Olgreb's Toxic Radiance (quite dangerous; 10% risk of failure)
Confirm with . or Enter, or press ? or * to list all spells.
The spell is quite dangerous to miscast (10% risk of failure)!
Continue anyway?
You feel a strong surge of power!
You miscast Olgreb's Toxic Radiance.
You are very lightly contaminated with residual magic.
Nothing appears to happen.
The ice beast hits you.
* * * LOW HITPOINT WARNING * * *
The ice beast freezes you!
You die...

Skill      XL: |  1  2  3  4  5  6  7 |
---------------+----------------------+-----
Poison Magic   | 4 5 6 |  6.0
Air Magic      | 1 2 3 |  3.0
Short Blades   | 1 2 |  2.7
Conjurations   | 1 2 |  2.5
Staves         | 2 |  2.4
Dodging        | |  1.7
Stealth        | |  1.7
Spellcasting   | |  2.0
Transmutations | |  0.8

Action                     |  1- 3 |  4- 6 |  7- 9 || total
---------------------------+-------+-------+-------++-------
  Melee: Unarmed           |    51 |       |       ||    51
         Short sword       |    21 |   114 |       ||   135
         Punch             |     1 |       |       ||     1
         Staff             |       |    19 |    24 ||    43
   Cast: Sting             |    37 |    83 |     4 ||   124
         Olgreb's Toxic Ra |       |     2 |     4 ||     6
         Mephitic Cloud    |       |     1 |       ||     1
 Invoke: Ancestor Identity |       |       |     1 ||     1
    Use: Potion            |     2 |     6 |     4 ||    12
         Scroll            |     1 |    10 |     3 ||    14
   Stab: Sleeping          |     2 |     2 |       ||     4
 Armour: Robe              |    27 |    60 |     9 ||    96
  Dodge: Dodged            |    55 |    99 |    34 ||   188

Levels and vault maps discovered:
D:1:      ebering_hopf_link, layout_loops_corners
D:2:      layout_basic, serial_shops, shop, nicolae_shop_tiny_statue_garden,
          uniq_terence
D:3:      layout_loops_ring, zin_statuary, chequers_ecumenical_altar_island,
          serial_shops, shop, uniq_jessica
D:4:      layout_loops_corners, nicolae_overflow_crystal_walls,
          hangedman_decor_opposing
D:5:      layout_cave_pools, trog_hazing_becter
D:6:      layout_cave_pods, minmay_lizard_king

Notes
Turn   | Place    | Note
-------+----------+-------------------------------------------
     0 | D:1      | demibob the Demonspawn Venom Mage began the quest for the
                  | Orb.
     0 | D:1      | Reached XP level 1. HP: 13/13 MP: 3/3
    91 | D:1      | Gained mutation: You are partially covered in thin metallic
                  | scales. (AC +2) [demonic ancestry]
    91 | D:1      | Reached XP level 2. HP: 11/19 MP: 1/5
   602 | D:1      | Reached skill level 4 in Poison Magic
   675 | D:1      | Reached XP level 3. HP: 13/24 MP: 3/6
   823 | D:1      | Learned a level 3 spell: Mephitic Cloud
  1187 | D:2      | Noticed Terence
  1196 | D:2      | Killed Terence
  1400 | D:2      | Gained mutation: You are mostly covered in thin metallic
                  | scales. (AC +3) [demonic ancestry]
  1400 | D:2      | Reached XP level 4. HP: 25/30 MP: 7/7
  1507 | D:2      | Found Orghuava's Antique Weapon Shop.
  1603 | D:2      | Found Neerous's Jewellery Emporium.
  1912 | D:3      | Reached skill level 1 in Air Magic
  1916 | D:3      | Reached skill level 1 in Short Blades
  2028 | D:3      | Found a faded altar of an unknown god.
  2148 | D:3      | Found Goheshrarch's Armour Shoppe.
  2465 | D:3      | You fall into a shaft and drop 2 floors!
  2465 | D:5      | Entered Level 5 of the Dungeon
  2587 | D:5      | Reached skill level 5 in Poison Magic
  2683 | D:5      | Found a bloodstained altar of Trog.
  2712 | D:5      | Reached XP level 5. HP: 35/35 MP: 4/8
  3093 | D:4      | Found a hazy altar of Hepliaklqana.
  3134 | D:4      | Became a worshipper of Hepliaklqana the Forgotten
  3198 | D:4      | Reached skill level 2 in Short Blades
  3198 | D:4      | Reached skill level 1 in Conjurations
  3198 | D:4      | Reached skill level 2 in Air Magic
  3279 | D:4      | Gained mutation: You regenerate a little health from kills.
                  | [demonic ancestry]
  3279 | D:4      | Reached XP level 6. HP: 31/41 MP: 6/9
  3679 | D:3      | Noticed Jessica
  3689 | D:3      | Killed Jessica
  4025 | D:4      | Reached * piety under Hepliaklqana
  4160 | D:4      | Reached skill level 2 in Conjurations
  4719 | D:5      | Identified a scroll of acquirement
  4719 | D:5      | Acquired a staff of poison
  4727 | D:5      | Learned a level 4 spell: Olgreb's Toxic Radiance
  4835 | D:6      | Reached skill level 3 in Air Magic
  4835 | D:6      | Reached XP level 7. HP: 41/41 MP: 1/10
  4836 | D:6      | Reached skill level 1 in Staves
  4955 | D:6      | Reached skill level 2 in Staves
  5046 | D:6      | Reached skill level 6 in Poison Magic
  5104 | D:6      | HP: 2/41 [ice beast (13)]
  5109 | D:6      | Slain by an ice beast

Vanquished Creatures
  An ogre (D:6)
  A phantom (D:4)
  A hound (D:5)
  An orc priest (D:4)
  A gnoll bouda (D:6)
  Jessica (D:3)
  Terence (D:2)
  2 iguanas
  2 orc wizards
  9 gnolls
  4 adders
  A worm (D:5)
  A dart slug (D:1)
  12 orcs
  3 endoplasms
  2 giant cockroaches (D:1)
  8 goblins
  10 hobgoblins
  4 jackals (D:1)
  11 kobolds
  4 quokkas
  4 ball pythons
  3 bats
  7 frilled lizards
  2 rats
96 creatures vanquished.

Vanquished Creatures (collateral kills)
  A sky beast (D:6)
  An iguana (D:6)
  A gnoll (D:6)
  An adder (D:5)
  3 frilled lizards (D:6)
7 creatures vanquished.

Vanquished Creatures (others)
  An ancestor (D:6)
  9 plants (D:6)
10 creatures vanquished.

Grand Total: 113 creatures vanquished

Table legend: (Time is in decaauts)
 A = Elapsed time spent in this place.
 B = Non-inter-level travel time spent in this place.
 C = Inter-level travel time spent in this place.
 D = Time resting spent in this place.
 E = Time spent auto-exploring this place.
 F = Levels seen in this place.
 G = Mean time per level.
                   A        B        C        D        E       F      G
               +--------+--------+--------+--------+--------+-----+--------+
         Total |   5071 |   4930 |    141 |    198 |   3889 |   6 |  845.2 |
       Dungeon |   5071 |   4930 |    141 |    198 |   3889 |   6 |  845.2 |
               +--------+--------+--------+--------+--------+-----+--------+

Top non-repeatable levels by time:
     D:4: 1164 daAuts
     D:1: 1127 daAuts
     D:5: 846 daAuts
     D:3: 838 daAuts
     D:2: 711 daAuts
     D:6: 383 daAuts

Table legend:
 A = Non-vault XP
 B = Vault XP
 C = Vault XP percentage of total XP
 D = Non-vault monster count
 E = Vault monster count
 F = Vault count percentage of total count
                 A         B        C        D         E       F
            +---------+---------+-------+---------+---------+-------
      Total |     953 |     124 |  11.5 |      86 |      17 |  16.5
            +---------+---------+-------+---------+---------+-------
        D:1 |      54 |       0 |   0.0 |      21 |       0 |   0.0
        D:2 |      32 |      36 |  52.9 |      14 |       1 |   6.7
        D:3 |      28 |      37 |  56.9 |      13 |       1 |   7.1
        D:4 |     258 |       0 |   0.0 |      14 |       0 |   0.0
        D:5 |     157 |       8 |   4.8 |      11 |       6 |  35.3
        D:6 |     424 |      43 |   9.2 |      13 |       9 |  40.9
            +---------+---------+-------+---------+---------+-------
